 Dungeon Crawl Stone Soup version 0.28.0-1-gb440e238dd (webtiles) character file.

Game seed: 1549035177327779797

252 Balder the Covered (level 5, -5/47 HPs)
             Began as a Minotaur Fighter on Feb 14, 2022.
             Slain by Sigmund (12 damage)
             ... on level 3 of the Dungeon on Feb 26, 2022.
             The game lasted 00:11:28 (2226 turns).

Balder the Covered (Minotaur Fighter)               Turns: 2226, Time: 00:11:28

Health: -5/47      AC:  7    Str: 19 (20) XL:     5   Next: 89%
Magic:  4/4        EV:  9    Int:  2 (5)  God:
Gold:   239        SH:  0    Dex: 10 (12) Spells: 4/4 levels left

rFire   . . .      SeeInvis .   a - +0 war axe
rCold   . . .      Faith    .   c - +0 buckler
rNeg    . . .      Spirit   .   b - +0 scale mail
rPois   .          Reflect  .   (helmet restricted)
rElec   .          Harm     .   (no cloak)
rCorr   .          Rampage  .   (no gloves)
Will    .....                   (no boots)
Stlth   ..........              (no amulet)
HPRegen 0.15/turn               (no ring)
MPRegen 0.09/turn               (no ring)

@: confused
A: horns 2, retaliatory headbutt
a: no special abilities


You were on level 3 of the Dungeon.
You visited 1 branch of the dungeon, and saw 3 of its levels.

You collected 239 gold pieces.

Inventory:

Hand Weapons
 a - a +0 war axe (weapon)
 d - a +2 mace of protection
 f - a +1 short sword of electrocution
 r - a +0 morningstar
Missiles
 q - 3 poisoned darts (quivered)
Armour
 b - a +0 scale mail (worn)
 c - a +0 buckler (worn)
Jewellery
 k - a ring of magical power
Wands
 l - a wand of polymorph (13)
Scrolls
 e - a scroll of brand weapon {unknown}
 g - a scroll of identify {unknown}
 i - a scroll of immolation {unknown}
Potions
 h - a potion of lignification
 j - a potion of degeneration
 o - a potion of curing


   Skills:
 * Level 4.4 Fighting
 * Level 4.3 Axes
 * Level 1.1 Throwing
 * Level 4.8 Armour
 * Level 1.8 Dodging
 * Level 1.3 Stealth
 * Level 4.4 Shields


You had 4 spell levels left.
You didn't know any spells.
Your spell library was empty.

Dungeon Overview and Level Annotations

Branches:
Dungeon (3/15)

Altars:
Ru

Shops:
D:2 (   D:3 [

Annotations:
D:3 Sigmund


Innate Abilities, Weirdness & Mutations

You have a pair of horns on your head.
You reflexively headbutt those who attack you in melee.


Message History

Something hits you but does no damage.
You cannot move.
You cannot move.
You cannot move.
You hear some strange, mumbled words.
You are confused.
You cannot move. (Use ctrl+direction or * direction to attack without moving.)
You cannot move. (Use ctrl+direction or * direction to attack without moving.)
You cannot move. (Use ctrl+direction or * direction to attack without moving.)
You cannot move. (Use ctrl+direction or * direction to attack without moving.)
You cannot move. (Use ctrl+direction or * direction to attack without moving.)
Something hits you but does no damage.
You cannot move. (Use ctrl+direction or * direction to attack without moving.)
Something completely misses you. Something hits you.
Something hits you but does no damage.
You feel less confused.
Your transformation is almost over.
Something hits you!
* * * LOW HITPOINT WARNING * * *
You hear some strange, mumbled words.
You are confused.
You cannot move. (Use ctrl+direction or * direction to attack without moving.)
You cannot move. (Use ctrl+direction or * direction to attack without moving.)
You cannot move. (Use ctrl+direction or * direction to attack without moving.)
You cannot move. (Use ctrl+direction or * direction to attack without moving.)
You hear some strange, mumbled words.
You are more confused.
Something hits you but does no damage.
You cannot move. (Use ctrl+direction or * direction to attack without moving.)
Something hits you but does no damage. Something hits you!
* * * LOW HITPOINT WARNING * * *
You feel less wooden.
Your +0 scale mail unmelds from your body.
Something hits you.
* * * LOW HITPOINT WARNING * * *
Something hits you but does no damage. Something hits you!
You die...

#..#.# #########
#.##.# ....)...#
#.##.# ........#
#=.... .......{#
#..##. ........#
#..##. ........#
#....)
........########
##.##..
........{@.....##
##..##..
#######.#.####..#
#..####. #...#
##.###.##.... #...#
#..#..##....
#.....####...###....
###.#.....##...#....
#.#####....#......
#.. ###.........
#.####....


There were no monsters in sight!

Vanquished Creatures
  A scorpion (D:3)
  An orc priest (D:3)
  Jessica (D:2)
  Terence (D:2)
  An orc wizard (D:3)
  5 adders
  2 worms (D:2)
  3 orcs (D:3)
  5 bats
  An endoplasm (D:3)
  2 giant cockroaches
  A goblin (D:1)
  2 quokkas
  10 ball pythons
  2 frilled lizards
  5 kobolds
43 creatures vanquished.

Notes
Turn   | Place    | Note
-------+----------+-------------------------------------------
     0 | D:1      | Balder the Minotaur Fighter began the quest for the Orb.
     0 | D:1      | Reached XP level 1. HP: 19/19 MP: 0/0
   453 | D:1      | Reached XP level 2. HP: 25/27 MP: 1/1
   457 | D:1      | Found a faded altar of an unknown god.
   948 | D:2      | Reached XP level 3. HP: 33/33 MP: 2/2
   953 | D:2      | Upgraded the game from 0.28.0 to 0.28.0-1-gb440e238dd
   956 | D:2      | Found Werra's Weapon Emporium.
  1146 | D:2      | Reached skill level 1 in Dodging
  1194 | D:2      | Noticed Jessica
  1205 | D:2      | Killed Jessica
  1206 | D:2      | Reached XP level 4. HP: 26/40 MP: 3/3
  1366 | D:2      | Noticed Terence
  1373 | D:2      | Killed Terence
  1575 | D:3      | Noticed a scorpion
  1586 | D:3      | Killed a scorpion
  1587 | D:3      | Reached skill level 1 in Stealth
  1587 | D:3      | Reached XP level 5. HP: 21/46 MP: 4/4
  1792 | D:3      | Found Qoojuli's Antique Armour Shop.
  1825 | D:3      | Reached skill level 1 in Throwing
  1908 | D:3      | Found a sacrificial altar of Ru.
  2175 | D:3      | Noticed Sigmund
  2198 | D:3      | HP: 2/47 [something/puff of flame (3)]
  2226 | D:3      | Slain by Sigmund

Illustrated notes

Levels and vault maps discovered:
D:1:      dpeg_arrival_round_b, layout_loops_ring, shapermc_ecumenical_altar_gd,
          moated_statue, minmay_pentomino_w2
D:2:      layout_rooms, serial_shops, nicolae_shop_bloodbath_and_beyond,
          uniq_terence, uniq_jessica
D:3:      layout_rooms, amcnicky_altar_gilded, serial_shops, shop_fountains,
          uniq_sigmund

Skill      XL: |  1  2  3  4  5 |
---------------+----------------+-----
Armour         | 4 |  4.8
Shields        | 4 |  4.4
Fighting       | 4 |  4.4
Dodging        | 1 |  1.8
Axes           | 3 4 |  4.3
Stealth        | 1 |  1.3
Throwing       | 1 |  1.1

Action                   |  1- 3 |  4- 6 || total
-------------------------+-------+-------++-------
Melee: War axe           |    60 |    61 ||   121
       Headbutt          |     6 |    11 ||    17
Throw: Dart              |     2 |     1 ||     3
  Use: Potion            |       |     6 ||     6
       Scroll            |       |     3 ||     3
Armor: Scale mail        |    35 |    29 ||    64
       Skin              |       |     6 ||     6
Dodge: Dodged            |    37 |    32 ||    69
Block: Buckler           |    22 |     8 ||    30
